[Event "Titled Tuesday Blitz March 14 Early 2023"]
[White "Molina, Roberto Junio Brito"]
[Black "Bews, Steven"]
[WhiteFideId "2109450"]
[BlackFideId "2400529"]
[WhiteElo "2376"]
[BlackElo "2605"]
[Result "0-1"]
[Round "07"]
[TimeControl "180+2"]
[Date "2023.03.14"]
[WhiteClock "0:00:45"]
[BlackClock "0:00:36"]

1. d4 Nf6 2. c4 e6 3. Nf3 Bb4+ 4. Bd2 Qe7 5. g3 O-O 6. Bg2 Nc6 7. O-O Bxd2 8. Qxd2 d6 9. Nc3 a5 10. e4 e5 11. d5 Nb8 12. Ne1 Na6 13. Nd3 Nd7 14. b3 Ndc5 15. Nxc5 Nxc5 16. Rae1 Bd7 17. f4 f6 18. f5 Qe8 19. g4 b5 20. cxb5 Bxb5 21. Rf3 Bd7 22. Bf1 Rb8 23. Rb1 Rb4 24. Bc4 a4 25. Re3 axb3 26. axb3 Qb8 27. Kg2 Nxb3 28. Bxb3 Rxb3 29. Rxb3 Qxb3 30. Ne2 Qc4 31. Ng3 Rb8 32. Rc3 Qd4 33. Qxd4 exd4 34. Rxc7 d3 35. Kf3 Ba4 36. Ke3 Bc2 37. Nh5 Rb1 38. Rxg7+ Kf8 39. Rc7 Re1+ 40. Kd2 Re2+ 41. Kc3 Bb1 42. Rb7 Rc2+ 43. Kd4 d2 44. Rxb1 Rc1 0-1


[Site "https://www.chess.com"]

[Event "Titled Tuesday Blitz March 14 Early 2023"]
[White "Degenbaev, Aziz"]
[Black "Narayanan, Srinath"]
[WhiteFideId "13802640"]
[BlackFideId "5018420"]
[WhiteElo "2152"]
[BlackElo "2438"]
[Result "0-1"]
[Round "07"]
[TimeControl "180+2"]
[Date "2023.03.14"]
[WhiteClock "0:00:01"]
[BlackClock "0:00:07"]

1. e4 c6 2. d4 d5 3. e5 c5 4. dxc5 e6 5. a3 Bxc5 6. Qg4 Ne7 7. Nf3 Ng6 8. Bd3 Nc6 9. b4 Bb6 10. Bb2 Nce7 11. h4 h5 12. Qg5 Bd7 13. Nbd2 Qc7 14. O-O a5 15. c4 axb4 16. axb4 Rxa1 17. Rxa1 dxc4 18. Nxc4 O-O 19. Qxh5 Nf5 20. Ng5 Nh6 21. Bxg6 Bxf2+ 22. Kh1 Qxc4 23. Rc1 Qxb4 24. Bxf7+ Rxf7 25. Nxf7 Nxf7 26. Rf1 Qxb2 27. Qf3 Nxe5 28. Qxf2 Qxf2 29. Rxf2 b5 30. Rb2 Kf7 31. Kg1 Ke7 32. Rd2 Bc6 33. Kf2 Bd5 34. Rd4 b4 35. Ke2 b3 36. Rb4 Nc6 37. Rb7+ Kf6 38. g4 Nd4+ 0-1


[Site "https://www.chess.com"]

[Event "Titled Tuesday Blitz March 14 Early 2023"]
[White "Garv Gaur"]
[Black "Pranav, V"]
[WhiteFideId "45030839"]
[BlackFideId "25060783"]
[WhiteElo "2068"]
[BlackElo "2500"]
[Result "0-1"]
[Round "07"]
[TimeControl "180+2"]
[Date "2023.03.14"]
[WhiteClock "0:01:06"]
[BlackClock "0:01:10"]

1. Nf3 d5 2. g3 Nf6 3. Bg2 c6 4. O-O Bg4 5. d4 Nbd7 6. c4 e6 7. cxd5 exd5 8. h3 Bxf3 9. Bxf3 Bd6 10. Nc3 O-O 11. Re1 Re8 12. Kg2 h6 13. Qd3 Bf8 14. Bd2 b5 15. Rac1 a5 16. e4 b4 17. Na4 dxe4 18. Bxe4 Nxe4 19. Rxe4 Nf6 20. Rxe8 Qxe8 21. a3 Rd8 22. Be3 Qe6 23. axb4 axb4 24. Qc4 Nd5 25. Re1 Nxe3+ 0-1


[Site "https://www.chess.com"]

[Event "Titled Tuesday Blitz March 14 Early 2023"]
[White "Krysa, Leandro"]
[Black "Bortnyk, Olexandr"]
[WhiteFideId "116807"]
[BlackFideId "14120828"]
[WhiteElo "2485"]
[BlackElo "2734"]
[Result "0-1"]
[Round "07"]
[TimeControl "180+2"]
[Date "2023.03.14"]
[WhiteClock "0:01:27"]
[BlackClock "0:01:38"]

1. Nf3 Nf6 2. g3 g6 3. Bg2 Bg7 4. O-O O-O 5. c4 d6 6. Nc3 e5 7. d3 a5 8. Rb1 Bd7 9. a3 a4 10. e4 c5 11. h3 Qa5 12. Be3 Nc6 13. Qd2 Nd4 14. Bxd4 cxd4 15. Nd5 Nxd5 16. cxd5 Qxd2 17. Nxd2 Rfc8 18. Nc4 Ra6 19. Rfc1 Bh6 20. Rd1 b5 21. Nd2 Rc2 22. Nf3 b4 23. axb4 Rb6 24. Ne1 Rc7 25. b3 axb3 26. Rb2 Rxb4 27. Rdb1 Ba4 28. Bf3 Bc1 29. Re2 b2 30. Kg2 Bd1 0-1


[Site "https://www.chess.com"]

[Event "Titled Tuesday Blitz March 14 Early 2023"]
[White "Csonka, Balazs"]
[Black "Vokhidov, Shamsiddin"]
[WhiteFideId "742910"]
[BlackFideId "14204223"]
[WhiteElo "2404"]
[BlackElo "2570"]
[Result "1-0"]
[Round "07"]
[TimeControl "180+2"]
[Date "2023.03.14"]
[WhiteClock "0:00:07"]
[BlackClock "0:00:07"]

1. e4 g6 2. d4 Nf6 3. Nc3 d6 4. Be3 c6 5. Qd2 Nbd7 6. O-O-O b5 7. Bd3 Qa5 8. Kb1 Bg7 9. Bh6 Bxh6 10. Qxh6 Nb6 11. Nf3 Be6 12. Ng5 b4 13. Nxe6 fxe6 14. Ne2 O-O-O 15. Nf4 e5 16. Qh3+ Kb8 17. Ne6 Rc8 18. dxe5 Qxe5 19. f4 Qh5 20. Qxh5 Nxh5 21. g4 Nf6 22. g5 Nfd7 23. Ba6 Rcg8 24. Nd4 Kc7 25. Ne6+ Kb8 26. h4 Nf8 27. Nd4 Kc7 28. Rc1 h6 29. c3 bxc3 30. Rxc3 c5 31. b4 Nbd7 32. Nb3 hxg5 33. fxg5 Kb6 34. Bc8 cxb4 35. Rc4 Nc5 36. Rhc1 Rxh4 37. Rxb4+ Kc7 38. Nxc5 dxc5 39. Rxc5+ Kd6 40. Rd5+ Kc6 41. Rc4+ Kb6 42. a4 a6 43. a5+ Ka7 44. Rc7+ Kb8 45. Rc1 Rxe4 46. Bxa6 Ne6 47. Bc4 Rc8 48. Rb5+ Ka7 49. Bxe6 Rxc1+ 50. Kxc1 Rxe6 51. Kd2 Ka6 52. Rc5 Re4 53. Kd3 Re6 54. Kd4 Rd6+ 55. Ke4 Re6+ 56. Re5 Rc6 57. Rxe7 Kxa5 58. Ke5 Kb5 59. Re6 Rc1 60. Kf6 Kc5 61. Kxg6 Kd5 62. Re2 Rg1 63. Kf6 Kd6 64. g6 Rf1+ 65. Kg7 Kd7 66. Kh7 Rh1+ 67. Kg8 Rg1 68. g7 Rh1 69. Re4 Rh2 70. Kf7 Rf2+ 71. Kg6 Rg2+ 72. Kf6 Rg1 73. Re7+ Kd8 74. Re5 Rf1+ 75. Rf5 Rg1 76. Rg5 1-0


[Site "https://www.chess.com"]

[Event "Titled Tuesday Blitz March 14 Early 2023"]
[White "Kvaloy, Aksel Bu"]
[Black "Vallejo Pons, Francisco"]
[WhiteFideId "1528815"]
[BlackFideId "2205530"]
[WhiteElo "2208"]
[BlackElo "2589"]
[Result "0-1"]
[Round "07"]
[TimeControl "180+2"]
[Date "2023.03.14"]
[WhiteClock "0:00:08"]
[BlackClock "0:00:09"]

1. d4 e6 2. e4 d5 3. Nc3 Bb4 4. Bd2 Ne7 5. a3 Bxc3 6. Bxc3 O-O 7. Bd3 b6 8. exd5 Nxd5 9. Bd2 Bb7 10. Nf3 c5 11. dxc5 bxc5 12. O-O Nd7 13. c4 N5f6 14. Bc3 Ne4 15. Bxe4 Bxe4 16. Ne5 Nxe5 17. Qxd8 Rfxd8 18. Bxe5 f6 19. Bc3 Bd3 20. Rfd1 Bxc4 21. Rxd8+ Rxd8 22. f3 e5 23. Rc1 Bb3 24. Kf2 Kf7 25. Re1 h5 26. h4 a6 27. Re2 Bc4 28. Rc2 Bd3 29. Rd2 c4 30. Ke3 Rb8 31. g3 Ke6 32. Rd1 Rb5 33. Re1 Kf5 34. Kf2 Rb7 35. Ke3 a5 36. Kf2 a4 37. Ke3 Rd7 38. Kf2 Bc2 39. Re2 Bb1 40. Re1 Bd3 41. Ke3 Rd8 42. Kf2 Re8 43. Rd1 Ke6 44. Re1 Rb8 45. Ke3 Rg8 46. Kf2 Kf5 47. Ke3 g5 48. hxg5 Rxg5 49. Kf2 Rg8 50. Rh1 Kg6 51. Ke3 Rd8 52. Rd1 Rd7 53. Kf2 Rg7 54. Ke3 Rh7 55. Rh1 Kf7 56. Kf2 Ke6 57. Re1 Rd7 58. Rh1 Bg6 59. Re1 Rd3 60. Re2 Kd5 61. Rd2 Bf5 62. Rxd3+ cxd3 63. Ke3 Bg6 64. Bd2 Kc4 65. Bc3 Kb3 66. Kd2 Bf5 67. Ke3 Kc2 68. f4 exf4+ 69. Kxf4 d2 70. Bxd2 Kxd2 71. Kxf5 Kc2 72. Kxf6 Kxb2 73. Kg5 Kxa3 74. Kxh5 Kb2 75. g4 a3 76. g5 a2 77. g6 a1=Q 78. g7 Qa2 79. g8=Q Qxg8 0-1


[Site "https://www.chess.com"]

[Event "Titled Tuesday Blitz March 14 Early 2023"]
[White "Cornette, Matthieu"]
[Black "Al-Tarboush, Ward"]
[WhiteFideId "620084"]
[BlackFideId "7601450"]
[WhiteElo "2478"]
[BlackElo "2257"]
[Result "1-0"]
[Round "07"]
[TimeControl "180+2"]
[Date "2023.03.14"]
[WhiteClock "0:01:35"]
[BlackClock "0:01:00"]

1. e4 e5 2. Nc3 Nf6 3. d4 exd4 4. Qxd4 Nc6 5. Qd3 Bc5 6. Bf4 d6 7. f3 O-O 8. Bg5 Be6 9. Qd2 Bb4 10. Nge2 Ne5 11. Nf4 Nc4 12. Bxc4 Bxc4 13. Nh5 Qe7 14. Bxf6 Qe6 15. Qg5 1-0


[Site "https://www.chess.com"]

[Event "Titled Tuesday Blitz March 14 Early 2023"]
[White "Yuan, Qingyu"]
[Black "Weetik, Vjacheslav"]
[WhiteFideId "8609772"]
[BlackFideId "4153472"]
[WhiteElo "2359"]
[BlackElo "2469"]
[Result "1/2-1/2"]
[Round "07"]
[TimeControl "180+2"]
[Date "2023.03.14"]
[WhiteClock "0:00:11"]
[BlackClock "0:00:10"]

1. e4 c6 2. d4 d5 3. exd5 cxd5 4. Bd3 Nc6 5. c3 g6 6. h3 Bf5 7. Nf3 Qc7 8. O-O Nf6 9. Re1 Bxd3 10. Qxd3 Bg7 11. Be3 O-O 12. Nbd2 Rab8 13. g3 Rbc8 14. Bf4 Qb6 15. Nb3 Ne4 16. Nfd2 e5 17. Be3 exd4 18. Bxd4 Bxd4 19. Nxd4 Qxb2 20. Nxe4 dxe4 21. Qxe4 Qxc3 22. Nf3 Rfe8 23. Qf4 Kg7 24. Kg2 Qf6 25. Qa4 Ne5 26. Nxe5 Rxe5 27. Qxa7 Rc2 28. Rxe5 Qxe5 29. Rd1 Qe4+ 30. Kg1 Re2 31. a3 h5 32. Qd4+ Qxd4 33. Rxd4 Ra2 34. Rd3 Rb2 35. Kg2 g5 36. Rd5 Kg6 37. Rd6+ f6 38. Rd8 Rb3 39. Rb8 g4 40. h4 Kf5 41. a4 Rb4 42. a5 Rb5 43. Kf1 Kg6 44. Ke2 Rxa5 45. Rxb7 Ra2+ 46. Ke3 Ra3+ 47. Ke2 Ra2+ 48. Kf1 Ra5 49. Kg2 Ra2 50. Rb5 Ra4 51. Rb2 Rd4 52. Re2 Rd5 53. Re4 Kf5 54. Rf4+ Ke5 55. Kf1 Rd4 56. Rxd4 Kxd4 57. Ke1 Ke4 58. Ke2 f5 59. Ke1 Kf3 60. Kf1 f4 61. gxf4 Kxf4 62. Ke2 Ke4 63. Ke1 Kf3 64. Kf1 Kf4 65. Ke1 Ke5 66. Ke2 Ke4 67. Ke1 Kf4 68. Ke2 g3 69. fxg3+ Kxg3 70. Kf1 Kxh4 71. Kg2 Kg4 72. Kh2 h4 73. Kg1 Kg3 74. Kh1 Kh3 75. Kg1 Kg3 76. Kh1 h3 77. Kg1 h2+ 78. Kh1 Kh3 1/2-1/2


[Site "https://www.chess.com"]

[Event "Titled Tuesday Blitz March 14 Early 2023"]
[White "Hambleton, Aman"]
[Black "Papasimakopoulos, Alexandros"]
[WhiteFideId "2606577"]
[BlackFideId "4244125"]
[WhiteElo "2511"]
[BlackElo "2359"]
[Result "0-1"]
[Round "07"]
[TimeControl "180+2"]
[Date "2023.03.14"]
[WhiteClock "0:00:02"]
[BlackClock "0:00:39"]

1. d4 e6 2. Bf4 c5 3. e3 Qb6 4. Nc3 a6 5. Rb1 Nf6 6. Nf3 cxd4 7. exd4 d5 8. Bd3 Be7 9. O-O Bd7 10. Re1 Nc6 11. Ne2 Nb4 12. Ne5 Nxd3 13. Qxd3 Bb5 14. Qb3 Qa5 15. Ng3 O-O 16. c3 Qa4 17. f3 Rac8 18. Nh1 Rfd8 19. Nf2 Nd7 20. Nxd7 Rxd7 21. Ng4 Rdd8 22. Kf2 h5 23. Ne3 g5 24. Nf5 exf5 25. Rxe7 gxf4 26. Rbe1 Qxb3 27. axb3 Bc6 28. R7e5 Bd7 29. Rxd5 Be6 30. Rde5 Kg7 31. b4 Kf6 32. Rc5 b6 33. Rce5 Ra8 34. Ra1 Rd5 35. Ree1 a5 36. Red1 Rc8 37. bxa5 bxa5 38. Ke2 Rb5 39. Rd2 Bc4+ 40. Kd1 a4 41. Kc2 Re8 42. h3 Bb3+ 43. Kd3 Re3# 0-1


[Site "https://www.chess.com"]

[Event "Titled Tuesday Blitz March 14 Early 2023"]
[White "Gontcharov, Vladislav"]
[Black "Rakhmatullaev, Almas"]
[WhiteFideId "4123492"]
[BlackFideId "14205793"]
[WhiteElo "2470"]
[BlackElo "2221"]
[Result "0-1"]
[Round "07"]
[TimeControl "180+2"]
[Date "2023.03.14"]
[WhiteClock "0:00:05"]
[BlackClock "0:00:13"]

1. e4 e5 2. Nf3 Nf6 3. Nxe5 Nxe4 4. Qe2 Qe7 5. Qxe4 d6 6. d4 dxe5 7. Qxe5 Qxe5+ 8. dxe5 Bf5 9. c3 Nd7 10. Be2 O-O-O 11. f4 f6 12. exf6 Nxf6 13. Nd2 Bc5 14. Nf3 Ng4 15. h3 Nf2 16. g4 Nxh1 17. gxf5 Ng3 18. Bc4 Rhe8+ 19. Ne5 Kb8 20. Be6 g6 21. Bf7 Rf8 22. fxg6 hxg6 23. Bxg6 Bd6 24. Nf7 Rde8+ 25. Kf2 Re6 26. Nxd6 Rxg6 27. Nc4 Nh1+ 28. Kf1 Rg3 29. Ne5 Rfg8 30. f5 Rg1+ 31. Ke2 Ng3+ 32. Kf3 Nxf5 33. Ng4 Nd6 34. b3 Rf8+ 35. Ke3 Rff1 36. Kd2 Ne4+ 37. Kd3 Ng3 38. Kc2 Ne2 39. Ne3 Re1 0-1


[Site "https://www.chess.com"]

[Event "Titled Tuesday Blitz March 14 Early 2023"]
[White "Atakhan, Abtin"]
[Black "Prokofiev, Valentyn"]
[WhiteFideId "22502203"]
[BlackFideId "14160161"]
[WhiteElo "2008"]
[BlackElo "2260"]
[Result "1-0"]
[Round "07"]
[TimeControl "180+2"]
[Date "2023.03.14"]
[WhiteClock "0:02:38"]
[BlackClock "0:02:39"]

1. c4 g6 2. Nc3 Bg7 3. Nf3 Nf6 4. e4 d6 5. d4 c5 6. Be2 O-O 7. O-O Bg4 8. Be3 Bxf3 9. Bxf3 cxd4 10. Bxd4 Nc6 11. Be3 Rc8 12. Be2 Nd7 13. Rc1 Nc5 14. f3 a6 15. Qd2 Qd7 16. Bxc5 1-0


[Site "https://www.chess.com"]

[Event "Titled Tuesday Blitz March 14 Early 2023"]
[White "Zamorano, Jorge"]
[Black "Vlassov, Nikolai"]
[WhiteFideId "173770"]
[BlackFideId "4103360"]
[WhiteElo "2331"]
[BlackElo "2324"]
[Result "1/2-1/2"]
[Round "07"]
[TimeControl "180+2"]
[Date "2023.03.14"]
[WhiteClock "0:00:19"]
[BlackClock "0:01:08"]

1. e4 Nc6 2. Nf3 d5 3. exd5 Qxd5 4. Nc3 Qa5 5. g3 Nf6 6. Bg2 e6 7. O-O Bb4 8. d4 O-O 9. Bd2 Rd8 10. a3 Bxc3 11. Bxc3 Qh5 12. Re1 Rb8 13. h3 b6 14. g4 Qb5 15. a4 Qa6 16. Qe2 Qxe2 17. Rxe2 Ba6 18. Ree1 Nd5 19. Bd2 Ndb4 20. Rac1 Na2 21. Rcd1 Nab4 22. Rc1 Na2 23. Rcd1 Nab4 24. Rc1 1/2-1/2


[Site "https://www.chess.com"]

[Event "Titled Tuesday Blitz March 14 Early 2023"]
[White "Seo, Jung Min"]
[Black "Sokac, Marko"]
[WhiteFideId "1734687"]
[BlackFideId "14531356"]
[WhiteElo "2468"]
[BlackElo "2355"]
[Result "0-1"]
[Round "07"]
[TimeControl "180+2"]
[Date "2023.03.14"]
[WhiteClock "0:00:02"]
[BlackClock "0:00:07"]

1. d4 Nf6 2. c4 e5 3. dxe5 Ng4 4. Nf3 Bc5 5. e3 Nc6 6. Nc3 O-O 7. Be2 Re8 8. O-O Ncxe5 9. Nxe5 Nxe5 10. b3 a5 11. Ne4 Bf8 12. Bb2 Ra6 13. c5 Rh6 14. f4 Nc6 15. Bf3 Qh4 16. h3 d6 17. cxd6 Bxd6 18. Nxd6 Rxd6 19. Qe1 Qxe1 20. Raxe1 Rd2 21. Rf2 Rxf2 22. Kxf2 Nb4 23. Rd1 Nxa2 24. Be5 c6 25. Ra1 Nb4 26. Bc3 Nd3+ 27. Kf1 b6 28. Bxc6 Rxe3 29. Bd4 Re6 30. Bf3 Nxf4 31. b4 axb4 32. Ra8 Re8 33. Bc6 Rf8 34. Be5 Ne6 35. Bd6 Bd7 36. Rxf8+ Nxf8 37. Bxf8 Bxc6 38. Bxb4 f5 39. g3 Kf7 40. Kf2 Ke6 41. Ke3 g5 42. h4 h6 43. hxg5 hxg5 44. Bc3 Be4 45. Kd4 b5 46. Bd2 Kf6 47. Ke3 Ke5 48. Bc3+ Ke6 49. Kd4 Bg2 50. Bd2 Kf6 51. Bc3 Kg6 52. Ke3 Kh5 53. Bb4 Kg4 54. Bd6 b4 55. Kf2 b3 56. Be5 Be4 57. Ke3 Bc2 58. Kf2 Be4 59. Bf6 Bd5 60. Be5 f4 61. gxf4 gxf4 62. Bb2 f3 63. Bd4 Kf5 64. Ke3 Ke6 65. Bb2 Kd6 66. Bd4 Kc6 67. Kd2 Kb5 68. Kc3 Ka4 69. Kb2 Kb4 70. Bf2 Kc4 71. Bb6 Kd3 0-1


[Site "https://www.chess.com"]

[Event "Titled Tuesday Blitz March 14 Early 2023"]
[White "Dehtiarov, Roman"]
[Black "Akhmedinov, Satbek"]
[WhiteFideId "14186640"]
[BlackFideId "13714287"]
[WhiteElo "2162"]
[BlackElo "2090"]
[Result "1-0"]
[Round "07"]
[TimeControl "180+2"]
[Date "2023.03.14"]
[WhiteClock "0:01:18"]
[BlackClock "0:00:37"]

1. e4 c5 2. Nc3 Nc6 3. f4 g6 4. Nf3 Bg7 5. Bb5 e6 6. Bxc6 bxc6 7. O-O Ne7 8. d3 O-O 9. Qe1 d6 10. Bd2 Rb8 11. b3 Ba6 12. Rd1 Kh8 13. Na4 Ng8 14. c4 f5 15. e5 Bc8 16. exd6 Qxd6 17. Bc3 h6 18. Ne5 Kh7 19. Qe3 Ne7 20. Qxc5 Qxc5+ 21. Nxc5 a5 22. Rfe1 g5 23. Bxa5 Ra8 24. Bb4 Rxa2 25. fxg5 hxg5 26. Nf3 Rg8 27. Nxe6 Ng6 28. Nfxg5+ Kh6 29. Nf7+ Kh5 30. Nfg5 Nh4 31. Rd2 Rxd2 32. Nxg7+ Rxg7 33. Bxd2 Rxg5 34. Bxg5 Kxg5 35. Re8 Bd7 36. Re7 Bc8 37. Rc7 Be6 38. Rxc6 Bf7 39. b4 f4 40. b5 f3 41. gxf3 Nxf3+ 42. Kf2 Ne5 43. Rc5 Kf4 44. Rxe5 Kxe5 45. Ke3 Bh5 46. d4+ Kd6 47. c5+ Kd5 48. b6 Kc6 49. d5+ Kb7 50. d6 Be8 51. h4 Kc6 52. Kd4 Bh5 53. Ke5 Bg4 54. Kf6 Bc8 55. Ke7 Bg4 56. h5 Bxh5 57. d7 1-0


[Site "https://www.chess.com"]

[Event "Titled Tuesday Blitz March 14 Early 2023"]
[White "Salinas Herrera, Pablo"]
[Black "Garakov, Mikhael"]
[WhiteFideId "3407128"]
[BlackFideId "4169034"]
[WhiteElo "2550"]
[BlackElo "2347"]
[Result "1-0"]
[Round "07"]
[TimeControl "180+2"]
[Date "2023.03.14"]
[WhiteClock "0:00:34"]
[BlackClock "0:00:24"]

1. Nf3 c5 2. b3 Nc6 3. Bb2 d6 4. c4 e5 5. e3 Nf6 6. d4 Bg4 7. dxe5 dxe5 8. Qxd8+ Rxd8 9. Nc3 e4 10. Nd2 Nb4 11. Rc1 Be7 12. h3 Bh5 13. a3 Nd3+ 14. Bxd3 exd3 15. Nce4 Nxe4 16. Nxe4 Bg6 17. Nd2 O-O 18. h4 h5 19. f3 Rfe8 20. Kf2 Bd6 21. g3 f6 22. Rhe1 a6 23. Bc3 b5 24. Rcd1 Bf7 25. Rb1 Rb8 26. Rec1 Be7 27. Ba5 Rec8 28. e4 g5 29. hxg5 fxg5 30. Bc3 1-0


[Site "https://www.chess.com"]

[Event "Titled Tuesday Blitz March 14 Early 2023"]
[White "Zarnicki, Pablo"]
[Black "Postny, Evgeny"]
[WhiteFideId "100137"]
[BlackFideId "2804344"]
[WhiteElo "2468"]
[BlackElo "2509"]
[Result "0-1"]
[Round "07"]
[TimeControl "180+2"]
[Date "2023.03.14"]
[WhiteClock "0:00:35"]
[BlackClock "0:00:06"]

1. e4 c5 2. Nf3 Nc6 3. Bb5 g6 4. O-O Bg7 5. c3 Qb6 6. Bxc6 Qxc6 7. Re1 Nf6 8. d4 d6 9. d5 Qc7 10. h3 O-O 11. Bg5 Re8 12. Nbd2 b6 13. a4 Ba6 14. Qc2 Nd7 15. b3 c4 16. b4 Bb7 17. Nf1 a5 18. b5 Nc5 19. Ne3 Nd3 20. Red1 e6 21. Nxc4 exd5 22. exd5 Qxc4 23. Qxd3 Rac8 24. Qxc4 Rxc4 25. Be3 Rxe3 26. fxe3 Bxc3 27. Rac1 Rc5 28. e4 f5 29. exf5 gxf5 30. Rd3 Bd4+ 31. Nxd4 Rxc1+ 32. Kh2 Bxd5 33. Nxf5 Be4 34. Nh6+ Kg7 35. Rxd6 Rc2 36. Kg3 Rxg2+ 37. Kf4 Bg6 38. Ng4 Ra2 39. Rxb6 Rxa4+ 40. Ke5 Rb4 41. Rb7+ Kf8 42. b6 a4 43. Nf6 a3 44. Nd5 Rb5 45. Rb8+ Kg7 46. Kd6 a2 47. Ra8 Bf7 48. Rxa2 Bxd5 49. Ra7+ Kh6 50. Kc7 Be4 51. Ra4 Bh1 52. Rh4+ Kg6 53. Rg4+ Rg5 54. Rg1 Rxg1 55. h4 Rc1+ 56. Kd6 Kh5 57. Ke5 Bb7 58. Kf4 Rc6 59. Ke5 Rxb6 0-1


[Site "https://www.chess.com"]

[Event "Titled Tuesday Blitz March 14 Early 2023"]
[White "Skvortsov, Andrei"]
[Black "Safin, Robert"]
[WhiteFideId "24108600"]
[BlackFideId "34189120"]
[WhiteElo "2259"]
[BlackElo "2245"]
[Result "0-1"]
[Round "07"]
[TimeControl "180+2"]
[Date "2023.03.14"]
[WhiteClock "0:00:16"]
[BlackClock "0:00:13"]

1. d4 Nf6 2. Nf3 d5 3. c4 e6 4. Nc3 c5 5. cxd5 cxd4 6. Qxd4 exd5 7. e4 dxe4 8. Qxd8+ Kxd8 9. Ng5 Be6 10. Nxe6+ fxe6 11. Bc4 Ke7 12. Bg5 Kf7 13. O-O-O Bb4 14. Bxf6 gxf6 15. Nxe4 Rc8 16. b3 b5 17. Nd2 Bxd2+ 18. Rxd2 bxc4 19. Rc2 Nd7 20. Rd1 Ke7 21. bxc4 Rc5 22. Rd4 Rac8 23. Rh4 h5 24. Kb2 Ne5 25. Kb3 Ng6 26. Rd4 Rd8 27. Re4 Re5 28. Rxe5 Nxe5 29. c5 Rb8+ 30. Kc3 Rb5 31. Kd4 Rb4+ 32. Ke3 Kd7 33. Rd2+ Kc7 34. Rd1 Rc4 35. Rd6 Rxc5 36. Rxe6 Ra5 37. h3 Nd7 38. Re7 Rxa2 39. Rh7 Ra5 40. f3 Rg5 41. g4 hxg4 42. fxg4 a5 43. Kf4 a4 44. h4 Rc5 45. g5 fxg5+ 46. hxg5 Rc1 47. Rh3 Rf1+ 48. Kg4 Ne5+ 49. Kh5 Kc6 50. g6 Rg1 51. Re3 Nxg6 52. Re8 Ne5 53. Rxe5 a3 54. Ra5 Rg3 55. Kh4 Rb3 56. Kg4 Kb6 57. Ra8 Kb5 58. Kf4 Rb4+ 59. Ke3 Ra4 60. Rb8+ Kc4 61. Rc8+ Kb3 62. Kd3 a2 63. Rb8+ Rb4 64. Ra8 Kb2 0-1


[Site "https://www.chess.com"]

[Event "Titled Tuesday Blitz March 14 Early 2023"]
[White "Yurovskykh, Oleksandr"]
[Black "Aradhya, Garg"]
[WhiteFideId "14134020"]
[BlackFideId "25006746"]
[WhiteElo "2268"]
[BlackElo "2263"]
[Result "1-0"]
[Round "07"]
[TimeControl "180+2"]
[Date "2023.03.14"]
[WhiteClock "0:00:13"]
[BlackClock "0:00:07"]

1. d4 d5 2. Bf4 c5 3. e3 Nc6 4. c3 Nf6 5. Nd2 Bf5 6. Ngf3 Qb6 7. Nh4 Be4 8. Qb3 c4 9. Qxb6 axb6 10. a3 e6 11. f3 Bg6 12. Nxg6 hxg6 13. O-O-O Nh5 14. Bc7 b5 15. h3 Kd7 16. Bh2 Nf6 17. Be2 Ne8 18. Rde1 Bd6 19. Bxd6 Nxd6 20. e4 g5 21. Bd1 Rh6 22. Bc2 Rah8 23. e5 Nf5 24. Bxf5 exf5 25. Rhf1 Nd8 26. f4 Rh5 27. fxg5 Rxg5 28. Rf2 Ne6 29. Nf1 g6 30. Ne3 Nc7 31. Ref1 Rg3 32. Kd2 Kc6 33. Rf3 Rxf3 34. Rxf3 Ne6 35. Ke2 Ng5 36. Rf4 Ne4 37. Nc2 Kd7 38. Ne3 Ke6 39. Rf3 f6 40. exf6 Nxf6 41. Nf1 Ne4 42. Nd2 Kf6 43. Kd1 Re8 44. Rf1 g5 45. Nf3 Ng3 46. Re1 Rxe1+ 47. Kxe1 Ne4 48. Ne5 f4 49. Ke2 Kf5 50. Nf7 Kf6 51. Nd8 b6 52. Nc6 Ke6 53. Nb4 Nf6 54. Nc2 g4 55. hxg4 Nxg4 56. Kf3 Kf5 57. Nb4 Nf6 58. Nc6 Ne4 59. Nb4 Ng5+ 60. Ke2 Ke4 61. Nc6 Ne6 62. Ne7 Nf8 63. Nc8 Kf5 64. Nxb6 Ke6 65. Nc8 Kd7 66. Na7 Kc7 67. Nxb5+ Kc6 68. a4 Nd7 69. Kf3 Nb6 70. a5 Na4 71. Na3 Nxb2 72. Kxf4 Nd1 73. Nb1 Kb5 74. g4 Kxa5 75. g5 Nf2 76. Nd2 Nh3+ 77. Kg4 Nxg5 78. Kxg5 Ka4 79. Kf4 Ka3 80. Ke3 Kb2 81. Nxc4+ dxc4 82. Kd2 Kb3 83. d5 Ka3 84. d6 Ka4 85. d7 Kb3 86. d8=Q Ka2 87. Qb6 Ka3 88. Kc2 Ka2 89. Qb2# 1-0


[Site "https://www.chess.com"]

[Event "Titled Tuesday Blitz March 14 Early 2023"]
[White "Tokhirjonova, Gulrukhbegim"]
[Black "De Silva, L M S T"]
[WhiteFideId "14203626"]
[BlackFideId "9953698"]
[WhiteElo "2268"]
[BlackElo "2403"]
[Result "0-1"]
[Round "07"]
[TimeControl "180+2"]
[Date "2023.03.14"]
[WhiteClock "0:00:16"]
[BlackClock "0:01:29"]

1. e4 c6 2. c4 e5 3. Nc3 g6 4. d4 Bg7 5. Nf3 exd4 6. Nxd4 Ne7 7. Be3 d5 8. cxd5 cxd5 9. Bb5+ Nbc6 10. exd5 a6 11. Ba4 b5 12. dxc6 bxa4 13. Qxa4 O-O 14. O-O Qc7 15. Nce2 Nd5 16. Bd2 Re8 17. Ba5 Qd6 18. Rfd1 Re4 19. Rac1 Bg4 20. f3 Bxf3 21. gxf3 Rh4 22. Ng3 Be5 23. Nde2 Rxa4 24. c7 Rxa5 25. c8=Q+ Rxc8 26. Rxc8+ Kg7 27. f4 Bxf4 28. b4 Qb6+ 29. Kh1 Qb7 30. Kg1 Be3+ 31. Kf1 Nf4 32. Nxf4 Qf3+ 33. Ke1 Qf2# 0-1


[Site "https://www.chess.com"]

[Event "Titled Tuesday Blitz March 14 Early 2023"]
[White "Kozin, Yuri"]
[Black "Starozhilov, Leonid"]
[WhiteFideId "4129920"]
[BlackFideId "14106752"]
[WhiteElo "2522"]
[BlackElo "2402"]
[Result "0-1"]
[Round "07"]
[TimeControl "180+2"]
[Date "2023.03.14"]
[WhiteClock "0:00:35"]
[BlackClock "0:01:24"]

1. e4 g6 2. d4 Bg7 3. Nc3 d6 4. Nf3 Nf6 5. Be3 O-O 6. Qd2 Bg4 7. Bh6 Bxf3 8. gxf3 e5 9. Bxg7 Kxg7 10. f4 Nc6 11. fxe5 dxe5 12. d5 Nd4 13. O-O-O Nh5 14. Nb1 Qf6 15. c3 Nf3 16. Qe3 Nh4 17. Be2 Nf4 18. Nd2 Qb6 19. Qxb6 Nxe2+ 0-1


[Site "https://www.chess.com"]

[Event "Titled Tuesday Blitz March 14 Early 2023"]
[White "Turzo, Attila"]
[Black "Matinian, Nikita"]
[WhiteFideId "704954"]
[BlackFideId "24129100"]
[WhiteElo "2520"]
[BlackElo "2422"]
[Result "1/2-1/2"]
[Round "07"]
[TimeControl "180+2"]
[Date "2023.03.14"]
[WhiteClock "0:00:06"]
[BlackClock "0:00:04"]

1. e4 c5 2. Nc3 Nc6 3. f4 g6 4. Nf3 Bg7 5. Bb5 Nd4 6. O-O e6 7. d3 Ne7 8. Nxd4 cxd4 9. Ne2 O-O 10. Ba4 d5 11. e5 Nf5 12. c3 dxc3 13. bxc3 d4 14. cxd4 Nxd4 15. Bb2 Nxe2+ 16. Qxe2 Bd7 17. Bb3 Qb6+ 18. Kh1 Rfd8 19. Qf2 Qxf2 20. Rxf2 Bb5 21. d4 Rac8 22. Kg1 Bf8 23. Rd2 a5 24. a3 Bc4 25. Bxc4 Rxc4 26. Rc1 b5 27. Rxc4 bxc4 28. Rc2 Rb8 29. Kf2 Rb3 30. Bc1 Bxa3 31. Bxa3 Rxa3 32. Rxc4 h5 33. d5 exd5 34. Rd4 a4 35. Rxd5 Rb3 36. Ra5 a3 37. g3 Kf8 38. Kg2 Rb2+ 39. Kf3 a2 40. h3 Ke7 41. g4 h4 42. f5 gxf5 43. gxf5 Kd7 44. Ra7+ Kc6 45. Kg4 Kd5 46. Ra5+ Kc4 47. e6 fxe6 48. fxe6 Re2 49. Kxh4 Kb3 50. Kg5 Rxe6 51. h4 Re5+ 52. Rxe5 a1=Q 53. Rf5 Qg7+ 54. Kf4 Qd4+ 55. Kg5 Qe3+ 56. Rf4 Qg3+ 57. Rg4 Qe5+ 58. Kg6 Qe6+ 59. Kg5 Qg8+ 60. Kh5 Qh8+ 61. Kg5 Kc3 62. h5 Kd3 63. h6 Ke3 64. Kh5 Kf3 65. Rg7 Qe8+ 66. Kg5 Qh8 67. Kg6 Kg4 68. h7 Qe8+ 69. Rf7 Qe4+ 70. Kg7 Qe5+ 71. Kg8 Qe8+ 72. Kg7 Qe5+ 73. Kg8 Qe8+ 74. Kg7 Qe5+ 1/2-1/2


[Site "https://www.chess.com"]